 Seeded DCSS version 0.30.1-9-gdf580d7c3d (webtiles) character file.

Game seed: 9106806156630997546 (custom seed)

755 Psyclone the Thaumaturge (level 7, 0/36 HPs)
             Began as a Deep Elf Conjurer on Sept 27, 2023.
             Succumbed to a scorpion's poison
             ... on level 5 of the Dungeon.
             The game lasted 00:13:42 (4488 turns).

Psyclone the Thaumaturge (Deep Elf Conjurer)        Turns: 4488, Time: 00:13:42

Health: 0/36       AC:  5    Str:  4    XL:     7   Next: 49%
Magic:  15/20      EV: 17    Int: 25    God:
Gold:   263        SH:  0    Dex: 13    Spells: 15/22 levels left

rFire   . . .        a - +9 mace of World Downfall {flame, Will+ SInv}
rCold   . . .        (no shield)
rNeg    . . .        j - +0 robe
rPois   +            t - +0 helmet
rElec   .            (no cloak)
rCorr   .            s - +0 pair of gloves
SInv    +            v - +0 pair of boots
Will    +....        (no amulet)
Stlth   ++           i - ring of poison resistance
HPRegen 0.26/turn    r - +5 ring of evasion
MPRegen 0.17/turn

%: no passive effects
@: lethally poisoned (0 -> -10)
A: no striking features
a: no special abilities


You were on level 5 of the Dungeon.
You visited 1 branch of the dungeon, and saw 5 of its levels.
You also visited: Sewer.

You collected 263 gold pieces.

Inventory:

Hand Weapons
 a - the +9 mace of World Downfall (weapon) {flame, Will+ SInv}
   (You found it on level 4 of the Dungeon)

   SInv:      It lets you see invisible.
   Will:      It increases your willpower.
Armour
 j - a +0 robe (worn)
 s - a +0 pair of gloves (worn)
 t - a +0 helmet (worn)
 v - a +0 pair of boots (worn)
Jewellery
 i - a ring of poison resistance (left hand)
 q - a ring of flight
 r - a +5 ring of evasion (right hand)
Scrolls
 d - a scroll of blinking {unknown}
 k - a scroll of noise {unknown}
 o - 2 scrolls of enchant armour {unknown}
 p - 3 scrolls of poison {unknown}
 u - a scroll of vulnerability {unknown}
 w - 2 scrolls of identify {unknown}
 x - a scroll of fog {unknown}
 y - a scroll of brand weapon {unknown}
 B - a scroll of fear {unknown}
 C - a scroll of enchant weapon {unknown}
Potions
 b - 2 potions of magic
 e - 5 potions of curing {unknown}
 f - a potion of berserk rage {unknown}
 g - 5 potions of brilliance {unknown}
 h - a potion of lignification {unknown}
 l - 2 potions of attraction {unknown}
 m - 2 potions of might {unknown}
 n - a potion of haste {unknown}
 z - a potion of degeneration {unknown}
 A - a potion of invisibility {unknown}
 D - a potion of experience {unknown}


   Skills:
 - Level 2.4 Dodging
 - Level 2.4 Stealth
 + Level 8.3 Spellcasting
 + Level 7.9 Conjurations


You had 15 spell levels left.
You knew the following spells:

 Your Spells              Type           Power      Damage    Failure   Level
a - Magic Dart            Conj           100%       1d8       1%          1
b - Searing Ray           Conj           98%        2d8       1%          2
d - Fulminant Prism       Conj/Hex       15%        3d11      12%         4

Your spell library contained the following spells:

 Spells                   Type           Power      Damage    Failure   Level
 Dazzling Flash           Conj/Hex       60%        N/A       3%          3
 Scorch                   Fire           20%        2d6       9%          2
 Flame Wave               Conj/Fire      30%        2d9       12%         4
 Iskenderun's Mystic Bla  Conj/Tloc      30%        2d8       12%         4
 Summon Cactus Giant      Summ           5%         N/A       100%        6


Dungeon Overview and Level Annotations

Branches:
Dungeon (5/15) Zot: 26178  Temple (0/1) D:5           Sewer (visited)

Altars:
Qazlal

Shops:
D:1 =   D:4 [

Annotations:
D:2 1 runed translucent door, Crazy Yiuf
D:3 Sigmund
D:4 1 runed translucent door, lonewolfV2's ghost, amateur FoFi


Message History

(Press . to maintain the ray.)
The gnoll shouts!
You hear a shout!
The gnoll sergeant hits you from afar with a +5 trident.
You take 5 damage, and have 19/36 hp.
You now have 14/20 mp.
The searing ray hits the gnoll sergeant but does no damage.
The gnoll sergeant is moderately wounded.
A gnoll comes into view. It is wielding a +0 flail.
The gnoll sergeant hits you from afar with a +5 trident!
* * * LOW HITPOINT WARNING * * *
You take 12 damage, and have 7/36 hp.
MASSIVE DAMAGE!!
You now have 13/20 mp.
Okay, then.
As you read the scroll labelled CUTOFE UXYOKH, it crumbles to dust.
You feel strangely unstable.
It was a scroll of teleportation.
The gnoll closely misses you.
There is a stone staircase leading down here.
Your surroundings suddenly seem different. 2 adders, an orc and 2 yaks come into view.
Found a staircase to the Ecumenical Temple.
The yak bellows!
A yak comes into view. x2; A scorpion comes into view.
Found a scroll labelled BUWOMM UZUVA.
The adder hisses angrily.
The orc shouts!
The yak bellows! x2
A yak comes into view. x2
A scorpion comes into view.
The adder hisses angrily.
You hear a bellow!
The yak moves out of view.
You hear a bellow!
An orc wizard comes into view. It is wielding a +0 dagger.
The orc wizard moves out of view.
The orc wizard shouts!
You hear a shout! x2
The orc wizard casts a spell at you. The magic dart hits you.
* * * LOW HITPOINT WARNING * * *
You take 2 damage, and have 8/36 hp.
The scorpion stings you.
* * * LOW HITPOINT WARNING * * *
You are lethally poisoned!
The scorpion poisons you!
You take 6 damage, and have 2/36 hp.
You die...

..........###..... .
................# .#
................ ⌠.#
..............###o..#
............#........
.....?......#..⌠.S>..
..........#.....S...s
.###s..####.###...#
#.@.#.# #... #
#.###.# ....# ... #o#
..YY.. #... +..
....S... #... ###
.......Y. #+#.
.......Y.Y #. ##


You could see a scorpion.

Vanquished Creatures
  An ogre (D:4)
  4 kobold brigands (Sewer)
  A scorpion (D:4)
  A howler monkey (D:4)
  Jessica (D:2)
  Natasha (twice) (D:3)
  Robin (D:2)
  2 gnolls (D:5)
  5 adders
  5 river rats
  A worm (D:2)
  2 dart slugs
  2 orcs
  10 ball pythons
  4 bats
  5 endoplasms
  4 giant cockroaches
  22 goblins
  2 hobgoblins
  5 jackals
  10 kobolds
  A quokka (D:4)
  5 frilled lizards
  7 rats
103 creatures vanquished.

Notes
Turn   | Place    | Note
-------+----------+-------------------------------------------
     0 | D:1      | Psyclone the Deep Elf Conjurer began the quest for the Orb.
     0 | D:1      | Reached XP level 1. HP: 10/10 MP: 6/6
   340 | D:1      | Found Cetaas's Jewellery Emporium.
   349 | D:1      | Reached XP level 2. HP: 15/15 MP: 4/8
   742 | D:2      | Found a stormy altar of Qazlal.
   842 | D:2      | Learned a level 2 spell: Searing Ray
  1062 | D:2      | Reached skill level 4 in Spellcasting
  1135 | D:2      | Noticed Robin
  1141 | D:2      | Killed Robin
  1142 | D:2      | Reached skill level 5 in Conjurations
  1142 | D:2      | Reached XP level 3. HP: 19/19 MP: 4/10
  1380 | D:2      | Noticed Jessica
  1397 | D:2      | Killed Jessica
  1398 | D:2      | Reached XP level 4. HP: 24/24 MP: 3/12
  1662 | D:2      | Learned a level 4 spell: Fulminant Prism
  1667 | D:2      | Found a runed translucent door.
  1668 | D:2      | Noticed Crazy Yiuf
  1711 | D:3      | Noticed Natasha
  1715 | D:3      | Killed Natasha
  1716 | D:3      | Reached skill level 5 in Spellcasting
  1789 | D:3      | Noticed Sigmund
  2053 | D:3      | Noticed Natasha
  2059 | D:3      | Killed Natasha
  2143 | D:3      | Reached XP level 5. HP: 23/28 MP: 10/14
  2754 | D:4      | Found a runed translucent door.
  2759 | D:4      | Noticed lonewolfV2's ghost (amateur FoFi)
  2825 | D:4      | Noticed an ogre
  2831 | D:4      | Killed an ogre
  2832 | D:4      | Reached skill level 6 in Spellcasting
  2835 | D:4      | Identified the +9 mace of World Downfall {flame, Will+
                  | SInv}
  2969 | D:4      | Reached XP level 6. HP: 32/32 MP: 12/17
  3156 | D:4      | Found Haiphupu's Antique Armour Emporium.
  3561 | D:5      | Entered Level 5 of the Dungeon
  3641 | D:5      | Found a glowing drain.
  3761 | Sewer    | Entered a sewer
  3794 | Sewer    | Reached skill level 7 in Spellcasting
  4089 | Sewer    | Reached XP level 7. HP: 36/36 MP: 12/20
  4324 | Sewer    | Reached skill level 8 in Spellcasting
  4480 | D:5      | Found a staircase to the Ecumenical Temple.
  4480 | D:5      | Noticed a yak
  4480 | D:5      | Noticed a yak
  4480 | D:5      | Noticed a yak
  4480 | D:5      | Noticed a yak
  4481 | D:5      | Noticed a yak
  4482 | D:5      | Noticed a yak
  4488 | D:5      | Succumbed to a scorpion's poison

Illustrated notes

Levels and vault maps discovered:
D:1:      onia_arrival_mini_spirals, layout_loops_ring, serial_shops, shop
D:2:      layout_rooms, basic_altar, reono_crystal_passage, minmay_tetromino_l2,
          uniq_robin, uniq_jessica, uniq_crazy_yiuf_cottage
D:3:      layout_loops_ring, uniq_sigmund, uniq_natasha
D:4:      layout_rooms, ebering_ghost_sewer_d, nicolae_take_the_stairs,
          grunt_ministairs_6, ebering_dispersal_statue_hall,
          minmay_ogre_servants
D:5:      nicolae_cairo_tiling_large, layout_basic, slow_altar_2,
          minmay_temple_entry_junction_2, portal_sewer_entry_b

Skill      XL: |  1  2  3  4  5  6  7 |
---------------+----------------------+-----
Spellcasting   | 4 5 6 7 8 |  8.3
Conjurations   | 5 6 7 |  7.9
Dodging        | |  2.4
Stealth        | |  2.4

Action                     |  1- 3 |  4- 6 |  7- 9 || total
---------------------------+-------+-------+-------++-------
  Melee: Falchion          |       |     6 |       ||     6
         Mace              |       |    20 |    31 ||    51
         Punch             |       |       |     1 ||     1
   Cast: Magic Dart        |    55 |    51 |     1 ||   107
         Searing Ray       |     4 |    23 |    12 ||    39
    Use: Scroll            |       |       |     1 ||     1
 Armour: Robe              |     2 |     8 |     3 ||    13
  Dodge: Dodged            |     7 |    35 |    20 ||    62
